 Dungeon Crawl Stone Soup version 0.30-a0-778-g2ef04afb54 (webtiles) character file.

Game seed: 11780579941098991227

46 cheesebisquit the Chopper (level 3, 0/25 (33) HPs)
             Began as a Hill Orc Monk on Feb 16, 2023.
             Slain by a gnoll
             ... wielding a +0 club
              (5 damage)
             ... on level 2 of the Dungeon.
             The game lasted 00:06:49 (1971 turns).

cheesebisquit the Chopper (Hill Orc Monk)           Turns: 1971, Time: 00:06:50

HP:   0/25 (33)     AC:  5    Str: 15    XL:     3   Next: 68%
MP:   3/3           EV: 12    Int: 10    God:
Gold: 248           SH:  0    Dex: 13    Spells: 2/2 levels left

rFire   + . .      SeeInvis .    a - +0 hand axe
rCold   + + .      Faith    .    (no shield)
rNeg    . . .      Spirit   .    n - +0 leather armour
rPois   .          Reflect  .    x - +0 helmet
rElec   .          Harm     .    j - scarf {rC+ rF+}
rCorr   .          Rampage  .    i - +0 pair of gloves
Will    .....                    (no boots)
Stlth   +                        (no amulet)
HPRegen 0.24/turn                s - ring of protection from cold
MPRegen 0.08/turn                (no ring)

@: confused, ambrosia-drunk, heavily drained
A: no striking features
a: no special abilities


You were on level 2 of the Dungeon.
You visited 1 branch of the dungeon, and saw 3 of its levels.

You collected 248 gold pieces.

Inventory:

Hand Weapons
 a - a +0 hand axe (weapon)
Armour
 i - a +0 pair of gloves (worn)
 j - a scarf of resistance (worn)
 n - a +0 leather armour (worn)
 x - a +0 helmet (worn)
 z - a +0 plate armour
Jewellery
 o - a ring of ice
 s - a ring of protection from cold (left hand)
 w - a ring of protection from cold
Scrolls
 b - a scroll of poison {unknown}
 e - a scroll of amnesia {unknown}
 h - 4 scrolls of teleportation {unknown}
 k - 2 scrolls of enchant weapon {unknown}
 m - a scroll of magic mapping {unknown}
 p - 7 scrolls of identify {unknown}
 t - 2 scrolls of noise {unknown}
 y - a scroll of enchant armour {unknown}
Potions
 d - 3 potions of heal wounds {unknown}
 f - 2 potions of degeneration {unknown}
 g - a potion of resistance {unknown}
 l - 2 potions of mutation {unknown}
 q - a potion of curing {unknown}
 r - a potion of magic {unknown}
 u - a potion of cancellation {unknown}
 v - a potion of flight {unknown}


   Skills:
 + Level 4.1 Fighting
 * Level 5.1 Axes
 + Level 1.5 Armour
 - Level 2.4 Dodging
 - Level 1.5 Stealth


You had 2 spell levels left.
You didn't know any spells.
Your spell library contained the following spells:

 Spells                   Type           Power      Damage    Failure   Level
 Shock                    Conj/Air       0%         1d3       43%         1
 Swiftness                Air            0%         N/A       80%         3
 Airstrike                Air            0%         2d(0-16)  99%         4


Dungeon Overview and Level Annotations

Branches:
Dungeon (3/15)

Altars:

Shops:
D:1 =


Message History

The gnoll hits you with a +0 club.
* * * LOW HITPOINT WARNING * * *
The gnoll barely misses you.
The jackal bites you but does no damage.
You hit the gnoll.
The gnoll is heavily wounded.
You barely miss the gnoll. You closely miss the jackal.
The gnoll barely misses you. The gnoll hits you with a +0 club.
* * * LOW HITPOINT WARNING * * *
The jackal bites you but does no damage.
You hit the gnoll but do no damage.
The gnoll is moderately wounded.
You hit the jackal but do no damage. You hit the gnoll.
The jackal bites you but does no damage.
The gnoll hits you but does no damage.
The gnoll hits you with a +1 whip of draining.
* * * LOW HITPOINT WARNING * * *
You feel drained.
* * * LOW HITPOINT WARNING * * *
The jackal bites you but does no damage.
The gnoll barely misses you. The gnoll misses you.
The jackal attacks as you move away! The jackal bites you.
* * * LOW HITPOINT WARNING * * *
The gnoll hits you with a +0 club.
* * * LOW HITPOINT WARNING * * *
You barely miss the jackal.
The jackal is severely wounded.
You hit the gnoll. You closely miss the gnoll. The jackal closely misses you.
The gnoll barely misses you.
The gnoll hits you with a +1 whip of draining.
* * * LOW HITPOINT WARNING * * *
You feel drained.
* * * LOW HITPOINT WARNING * * *
The jackal closely misses you.
You closely miss the gnoll.
The gnoll is almost dead.
You hit the jackal but do no damage. You hit the gnoll.
The jackal bites you but does no damage.
The gnoll hits you with a +0 club.
You die...

.....##..........########........
...#.###................†.......#
####.............##....##..####.#
# ##.###.........##..#.#..## #..
##..# #.........##..#...#######.
##...# #.............##..##......
.....###.........###.............
.#..##.........hg# #.............
.#.##..#.......g@# #.###.#.######
.................###.###.#.......
.#.###.#.............#...#.#.#.#.
...###(####...)###########....#..
............#......###)....#.....
...#######...#####.....###.#..##.
##.####...............## #.##..#)
#..##...##...########..# #.+...._
..###.####...# ##.###.##....


You could see 2 gnolls and a jackal.

Vanquished Creatures
  2 worms (D:2)
  4 ball pythons (D:1)
  6 endoplasms
  3 giant cockroaches (D:2)
  4 goblins
  3 hobgoblins
  2 jackals
  4 bats
  4 frilled lizards
  3 kobolds
  3 rats
38 creatures vanquished.

Notes
Turn   | Place    | Note
-------+----------+-------------------------------------------
     0 | D:1      | cheesebisquit the Hill Orc Monk began the quest for the
                  | Orb.
     0 | D:1      | Reached XP level 1. HP: 19/19 MP: 1/1
    48 | D:1      | Found Hinou's Jewellery Emporium.
   207 | D:1      | Reached XP level 2. HP: 27/27 MP: 2/2
   710 | D:2      | Found a faded altar of an unknown god.
   716 | D:2      | Reached skill level 1 in Armour
   982 | D:2      | Reached XP level 3. HP: 10/33 MP: 3/3
  1298 | D:2      | Reached skill level 5 in Axes
  1970 | D:2      | HP: 1/25 [gnoll/+1 whip of draining (1)]
  1971 | D:2      | Slain by a gnoll

Illustrated notes

Levels and vault maps discovered:
D:1:      dpeg_arrival_fog, layout_loops_cross, serial_shops, shop,
          minmay_vboxes
D:2:      layout_rooms, hellmonk_ecumenical_altar_blasted, roderic_lattice_a
D:3:      minmay_door_path, layout_rooms, gammafunk_temple_overflow_claw

Skill      XL: |  1  2  3 |
---------------+----------+-----
Armour         | 1 |  1.5
Fighting       | 4 |  4.1
Axes           | 5 |  5.1
Dodging        | |  2.4
Stealth        | |  1.5

Action                     || total
---------------------------++-------
  Melee: Hand axe          ||   142
    Use: Potion            ||     1
   Stab: Sleeping          ||     3
 Armour: Robe              ||     2
         Leather armour    ||    32
  Dodge: Dodged            ||    79

Table legend: (Time is in decaauts)
 A = Elapsed time spent in this place.
 B = Non-inter-level travel time spent in this place.
 C = Inter-level travel time spent in this place.
 D = Time resting spent in this place.
 E = Time spent auto-exploring this place.
 F = Levels seen in this place.
 G = Mean time per level.
                   A        B        C        D        E       F      G
               +--------+--------+--------+--------+--------+-----+--------+
         Total |   1980 |   1913 |     67 |     71 |   1414 |   3 |  660.0 |
       Dungeon |   1980 |   1913 |     67 |     71 |   1414 |   3 |  660.0 |
               +--------+--------+--------+--------+--------+-----+--------+

Top non-repeatable levels by time:
     D:2: 875 daAuts
     D:1: 783 daAuts
     D:3: 321 daAuts
